 Dungeon Sprint DCSS version 0.28-a0-863-g8cecda6153 (webtiles) character file.

Game seed: 17531763906433034537

828 Turgor the Cleaver (level 7, -22/130 HPs)
             Began as a Troll Berserker on Nov 16, 2021.
             Was an Elder of Trog.
             Annihilated by a cyclops (31 damage)
             ... in the Dungeon (Sprint IX: "|||||||||||||||||||||||||||||").
             The game lasted 00:03:34 (220 turns).

Turgor the Cleaver (Troll Berserker)                 Turns: 220, Time: 00:03:35

Health: -22/130    AC:  4    Str: 27    XL:     7   Next: 65%
Magic:  6/6        EV: 10    Int:  7    God:    Trog [****..]
Gold:   0          SH:  0    Dex: 12    Spells: 6/6 levels left

rFire   . . .      SeeInvis .   k - +3 war axe (venom)
rCold   . . .      Faith    .   (no shield)
rNeg    . . .      Spirit   .   b - +0 animal skin
rPois   .          Reflect  .   (helmet restricted)
rElec   .          Harm     .   (no cloak)
rCorr   .          Rampage  .   (gloves unavailable)
Will    .....      NoTele   +   (boots unavailable)
Stlth   ..........              (no amulet)
HPRegen 1.31/turn               l - +3 ring of dexterity
MPRegen 0.10/turn               a - +3 ring of intelligence

@: berserking, very quick
A: large, unfitting armour, claws 3, regeneration 1, shaggy fur 1, tough skin 1
a: Renounce Religion, Berserk, Trog's Hand, Brothers in Arms


You were in the Dungeon.
You worshipped Trog.
Trog was greatly pleased with you.
You visited 1 branch

Inventory:

Hand Weapons
 k - a +3 war axe of venom (weapon)
Missiles
 m - 3 poisoned darts (quivered)
Armour
 b - a +0 animal skin (worn)
Jewellery
 a - a +3 ring of intelligence (right claw)
 l - a +3 ring of dexterity (left claw)
Wands
 j - a wand of iceblast (10)
Scrolls
 h - 2 scrolls of blinking
Potions
 c - 5 potions of curing
 d - 2 potions of heal wounds
 e - a potion of haste
 f - 4 potions of magic
 g - a potion of berserk rage
 i - a potion of invisibility


   Skills:
 + Level 10.4 Fighting
 + Level 10.4 Axes
 - Level 2.4 Dodging


You had 6 spell levels left.
You didn't know any spells.
Your spell library was empty.

Dungeon Overview and Level Annotations

Branches:
Dungeon (1/1)

Altars:
Cheibriados
Dithmenos
Elyvilon
Fedhas
Gozag
Hepliaklqana
Kikubaaqudgha
Makhleb
Nemelex Xobeh
Okawaru
Qazlal
Ru
Sif Muna
Trog
Uskayaw
Vehumet
Wu Jian
Xom
Yredelemnul
Zin
The Shining One
Beogh
Jiyva
Lugonu


Innate Abilities, Weirdness & Mutations

You are too large for most types of armour.
You have claws for hands.
Your natural rate of healing is unusually fast.
You are covered in fur. (AC +1)
You have tough skin. (AC +1)


Message History

Something smites you! The basilisk bites you.
The basilisk bites you but does no damage.
The basilisk bites you!! The basilisk bites you! The basilisk gazes at you.
The basilisk gazes at you. The basilisk bites you! The basilisk gazes at you.
The basilisk bites you!
* * * LOW HITPOINT WARNING * * *
You turn to flesh and can move again.
Unknown command.
A red film seems to cover your vision as you go berserk!
You feel yourself moving faster!
You feel mighty!
The boulder beetle leaps!
The basilisk bites you but does no damage.
Unknown command.
You slice the basilisk!!
You kill the basilisk!
Trog accepts your kill.
You hit the boulder beetle but do no damage.
The boulder beetle is poisoned.
The meliai invokes the aid of its god against you.
Something smites you!
* * * LOW HITPOINT WARNING * * *
The boulder beetle bites you!!
* * * LOW HITPOINT WARNING * * *
The cyclops throws a large rock.
The large rock closely misses you.
The large rock hits the boulder beetle!
Unknown command.
You slash the boulder beetle!
The boulder beetle looks as sick as possible!
The boulder beetle is moderately wounded.
Unknown command.
Unknown command.
The boulder beetle curls into a ball and begins rolling!
There is an open door, spattered with blood here.
You slash the cyclops!
The cyclops is poisoned.
The cyclops is moderately wounded.
The cyclops hits you!!
You die... ▓▓▓▓▓▓▓▓▓▓▓▓▓▓▓▓▓▓▓▓▓▓▓▓ .?).[[[..)))))B.@CyTc°.+ ▓▓▓▓▓▓▓▓▓▓▓▓▓▓▓▓▓▓▓▓▓▓▓▓

You could see a boulder beetle (rolling, extremely poisoned), a centaur warrior, a cyclops (very poisoned), a troll and a meliai.

Vanquished Creatures
  A shadow (D)
  A basilisk (D)
  An ice beast (D)
  2 orc warriors (D)
  2 centaurs (D)
  A kobold brigand (D)
  A hound (D)
  A dart slug (D)
  A ball python (D)
  An endoplasm (D)
  A quokka (D)
  2 ball python skeletons (D)
  A frilled lizard (D)
  A rat (D)
17 creatures vanquished.

Notes
Turn   | Place    | Note
-------+----------+-------------------------------------------
     0 | D        | Turgor the Troll Berserker began the quest for the Orb.
     0 | D        | Reached XP level 1. HP: 22/22 MP: 0/0
     7 | D        | Reached ** piety under Trog
    20 | D        | Noticed a hound
    20 | D        | Noticed an ice beast
    27 | D        | Killed a hound
    28 | D        | Reached XP level 2. HP: 33/33 MP: 1/1
    28 | D        | Reached XP level 3. HP: 40/40 MP: 2/2
    35 | D        | Killed an ice beast
    35 | D        | Reached *** piety under Trog
    36 | D        | Reached XP level 4. HP: 48/52 MP: 3/3
    75 | D        | Found a snail-covered altar of Cheibriados.
    75 | D        | Found a shadowy altar of Dithmenos.
    75 | D        | Found a white marble altar of Elyvilon.
    75 | D        | Found a blossoming altar of Fedhas.
    75 | D        | Found an opulent altar of Gozag.
    76 | D        | Found a hazy altar of Hepliaklqana.
    77 | D        | Found a viscous altar of Jiyva.
    78 | D        | Found an ancient bone altar of Kikubaaqudgha.
    79 | D        | Found a corrupted altar of Lugonu.
    80 | D        | Found a burning altar of Makhleb.
    81 | D        | Found a sparkling altar of Nemelex Xobeh.
    82 | D        | Found an iron altar of Okawaru.
    83 | D        | Found a stormy altar of Qazlal.
    84 | D        | Found a sacrificial altar of Ru.
    85 | D        | Found a shimmering blue altar of Sif Muna.
    86 | D        | Found a bloodstained altar of Trog.
    87 | D        | Found a hide-covered altar of Uskayaw.
    88 | D        | Found a radiant altar of Vehumet.
    89 | D        | Found an ornate altar of the Wu Jian Council.
    90 | D        | Found a shimmering altar of Xom.
    91 | D        | Found a basalt altar of Yredelemnul.
    92 | D        | Found a glowing silver altar of Zin.
    93 | D        | Found a glowing golden altar of the Shining One.
   122 | D        | Noticed an orc warrior
   122 | D        | Noticed an orc warrior
   122 | D        | Noticed a centaur
   122 | D        | Noticed a centaur
   122 | D        | Noticed a kobold brigand
   122 | D        | Noticed a shadow
   126 | D        | Killed an orc warrior
   126 | D        | Reached **** piety under Trog
   127 | D        | Reached XP level 5. HP: 61/62 MP: 4/4
   132 | D        | Killed an orc warrior
   133 | D        | Reached XP level 6. HP: 34/72 MP: 5/5
   144 | D        | Reached XP level 7. HP: 39/83 MP: 6/6
   147 | D        | Killed a shadow
   147 | D        | Reached ***** piety under Trog
   148 | D        | Reached skill level 10 in Fighting
   148 | D        | Reached skill level 10 in Axes
   191 | D        | Noticed a basilisk
   191 | D        | Noticed a cyclops
   191 | D        | Noticed a meliai
   191 | D        | Noticed a troll
   191 | D        | Noticed a centaur warrior
   191 | D        | Noticed a boulder beetle
   217 | D        | Killed a basilisk
   220 | D        | Annihilated by a cyclops

Illustrated notes

Levels and vault maps discovered:
D:        linesprint [early_d, line_temple, items_1, d_10, items_2, lair_1,
          lair_end, items_3, orc_1, orc_end, items_4, d_15, swamp_1, shoals_1,
          snake_1, spider_1, d_20, vaults_1, items_5, swamp_end, shoals_end,
          snake_end, spider_end, vaults_end, d_27, items_6, zot_1, zot_end,
          crypt_end, forest_end, elf_end, slime_end, tomb_end, abyss_end,
          pan_hell_end]

Skill      XL: |  1  2  3  4  5  6  7 |
---------------+----------------------+-----
Fighting       | 4 6 7 8 9 10 | 10.4
Axes           | 4 6 7 8 9 10 | 10.4
Dodging        | |  2.4

Action                   |  1- 3 |  4- 6 |  7- 9 || total
-------------------------+-------+-------+-------++-------
Melee: Hand axe          |    23 |     3 |       ||    26
       War axe           |       |    15 |     8 ||    23
Invok: Berserk           |     1 |     1 |     1 ||     3
       Brothers in Arms  |       |       |     1 ||     1
  Use: Potion            |       |     1 |       ||     1
Armor: Animal skin       |     4 |     3 |     3 ||    10
Dodge: Dodged            |    13 |    16 |     3 ||    32

Table legend: (Time is in decaauts)
 A = Elapsed time spent in this place.
 B = Non-inter-level travel time spent in this place.
 C = Inter-level travel time spent in this place.
 D = Time resting spent in this place.
 E = Time spent auto-exploring this place.
 F = Levels seen in this place.
 G = Mean time per level.
                   A        B        C        D        E       F      G
               +--------+--------+--------+--------+--------+-----+--------+
         Total |    231 |    231 |      0 |     64 |      0 |   1 |  231.0 |
       Dungeon |    231 |    231 |      0 |     64 |      0 |   1 |  231.0 |
               +--------+--------+--------+--------+--------+-----+--------+

Top non-repeatable levels by time:
       D: 231 daAuts
